 Dungeon Crawl Stone Soup version 0.31-a0-408-gb642c7f9a3 (console) character file.

Game seed: 14336877992874746413

2499 jejorda2 the Grappler (level 9, -1/74 HPs)
             Began as a Gnoll Berserker on July 29, 2023.
             Was a Priest of Trog.
             Killed from afar by an electric eel (13 damage)
             ... with a bolt of electricity
             ... on level 7 of the Dungeon.
             The game lasted 00:14:43 (6938 turns).

jejorda2 the Grappler (Gnoll Berserker)             Turns: 6938, Time: 00:14:44

Health: -1/74      AC: 15    Str: 20    XL:     9   Next: 53%
Magic:  15/15      EV:  8    Int: 10    God:    Trog [***...]
Gold:   290        SH:  0    Dex: 12    Spells: 16/16 levels left

rFire   . . .        a - +0 lajatang (elec)
rCold   . . .        (shield currently unavailable)
rNeg    + . .        o - +0 plate armour
rPois   +            (no helmet)
rElec   .            (no cloak)
rCorr   .            r - +1 pair of gloves of Hide-and-Seek {Rampage rPois Int+3 Stlth+}
SInv    .            (no boots)
Will    .....        (no amulet) Stlth
                     g - ring of positive energy
HPRegen 0.32/turn    (no ring)
MPRegen 0.14/turn

%: rampage
@: no status effects
A: fangs 1, strong nose, distributed training
a: Renounce Religion, Berserk, Trog's Hand


You were on level 7 of the Dungeon.
You worshipped Trog.
Trog was most pleased with you.
You visited 1 branch of the dungeon, and saw 7 of its levels.

You collected 372 gold pieces.
You spent 82 gold pieces at shops.

Inventory:

Hand Weapons
 a - a +0 lajatang of electrocution (weapon)
 p - the +7 mace of Veodghuer {holy, +Blink Str-3 Dex+5}
   (You found it on level 4 of the Dungeon)

   Str:       It affects your strength (-3).
   Dex:       It affects your dexterity (+5).
   +Blink:    It lets you blink.
Missiles
 e - 15 poisoned darts
 f - 8 curare-tipped darts
 l - 3 boomerangs
 q - a throwing net
Armour
 o - a +0 plate armour (worn)
 r - the +1 pair of gloves of Hide-and-Seek (worn) {Rampage rPois Int+3 Stlth+}
   (You found it on level 6 of the Dungeon)

   Int:       It affects your intelligence (+3).
   rPois:     It protects you from poison.
   Rampage:   It bestows one free step when moving towards enemies.
   Stlth:     It makes you more stealthy.
Jewellery
 g - a ring of positive energy (left hand)
Wands
 j - a wand of mindburst (15)
 v - a wand of paralysis (11)
Scrolls
 b - 3 scrolls of revelation
 d - 2 scrolls of teleportation
Potions
 c - a potion of curing
 h - 3 potions of lignification
 k - a potion of might
 s - a potion of haste
 u - 2 potions of enlightenment


   Skills:
 + Level 8.0 Fighting
 + Level 4.4 Short Blades
 + Level 4.4 Long Blades
 + Level 4.4 Axes
 + Level 4.4 Maces & Flails
 + Level 4.4 Polearms
 + Level 4.4 Staves
 + Level 4.4 Ranged Weapons
 + Level 4.4 Throwing
 + Level 6.4 Armour
 + Level 6.4 Dodging
 + Level 4.4 Stealth
 + Level 4.4 Shields
 + Level 8.0 Unarmed Combat
 + Level 4.4 Spellcasting
 + Level 3.6 Conjurations
 + Level 3.6 Hexes
 + Level 3.6 Summonings
 + Level 3.6 Necromancy
 + Level 3.6 Translocations
 + Level 3.6 Transmutations
 + Level 3.6 Fire Magic
 + Level 3.6 Ice Magic
 + Level 3.6 Air Magic
 + Level 3.6 Earth Magic
 + Level 3.6 Poison Magic
 + Level 4.9 Invocations
 + Level 4.4 Evocations
 + Level 3.6 Shapeshifting


You had 16 spell levels left.
You didn't know any spells.
Your spell library was empty.

Dungeon Overview and Level Annotations

Branches:
Dungeon (7/15)             Temple (0/1) D:6

Altars:
Elyvilon
Gozag
Sif Muna
Wu Jian
Yredelemnul

Shops:
D:5 *   D:7 *


Innate Abilities, Weirdness & Mutations

You have very sharp teeth.
Your uncanny sense of smell can sniff out nearby items.
Your experience applies equally to all skills.


Message History

An electric eel comes into view.
The electric eel shoots out a bolt of lightning at you!
The bolt of electricity hits the plant!
The plant begins to die.
The bolt of electricity hits the plant!
The plant begins to die.
The bolt of electricity hits you!
An electric eel comes into view.
The electric eel shoots out a bolt of lightning at you!
The bolt of electricity hits you!
The electric eel shoots out a bolt of lightning at you!
The bolt of electricity hits the plant!
The bolt of electricity hits you but does no damage.
The electric eel shoots out a bolt of lightning at you!
The bolt of electricity hits you.
The electric eel shoots out a bolt of lightning at you!
The bolt of electricity hits the plant.
The bolt of electricity hits you!
A nearby plant withers and dies.
The electric eel shoots out a bolt of lightning at you!
The bolt of electricity hits you.
A nearby plant withers and dies.
The electric eel shoots out a bolt of lightning at you!
The bolt of electricity misses you.
The bolt of electricity hits the plant!
The plant begins to die.
You miss the electric eel.
The electric eel shoots out a bolt of lightning at you!
The bolt of electricity hits you!
You miss the electric eel.
The electric eel shoots out a bolt of lightning at you!
The bolt of electricity hits you.
* * * LOW HITPOINT WARNING * * *
The bolt of electricity hits the plant!
The electric eel shoots out a bolt of lightning at you!
The bolt of electricity hits you!
* * * LOW HITPOINT WARNING * * *
Okay, then.
Blink to where?
Press: ? - help, Dir - move target
As you read the scroll of blinking, it crumbles to dust.
The electric eel shoots out a bolt of lightning at you!
The bolt of electricity hits you!
You die...

.......................#.....
.......................#.....
####...................#.._.. #
###########.........#.....
..♣♣♣♣♣ #.........#.....
.♣~~~~~ ♣♣♣♣♣♣.........######
~~P~~~~♣♣♣♣~≈~P♣♣..............
~~~~~S~~~~~~~~P~~~..♣~..#......
.......§......@.....~~~.+......
♣P~P~~~S~~~~≈~~~P≈.~~~~♣#....#+
#♣~~P~~~~~P≈≈~~~~≈.~~~P~~....
#~~P~~~~~PP~~~~~~.≈~~P~~~..
##~♣P♣~###♣♣♣♣~~~.≈≈≈~~~~
####### ♣♣~~.~≈PP~~~
♣P~.≈≈≈≈≈~~ ♣♣~~.≈≈~≈≈≈P
♣~P~.~~≈≈~♣♣


You could see an electric eel.

Vanquished Creatures
  Maggie (D:7)
  A troll (D:5)
  Menkaure (D:5)
  A water moccasin (D:7)
  2 ice beasts
  2 ogres
  A bullfrog (D:7)
  A gnoll sergeant (D:5)
  2 scorpions (D:6)
  5 wights (D:7)
  4 electric eels (D:7)
  2 howler monkeys
  A jelly (D:4)
  A hound (D:3)
  4 orc priests
  A sleepcap (D:5)
  4 iguanas
  3 orc wizards
  13 gnolls
  5 adders
  A shadow imp (D:5)
  2 white imps
  An ufetubus (D:5)
  3 dart slugs (D:1)
  22 orcs
  9 ball pythons
  6 bats
  10 endoplasms
  3 giant cockroaches
  6 goblins
  10 hobgoblins
  3 jackals (D:2)
  8 kobolds
  3 quokkas
  3 frilled lizards
  22 rats
167 creatures vanquished.

Notes
Turn   | Place    | Note
-------+----------+-------------------------------------------
     0 | D:1      | jejorda2 the Gnoll Berserker began the quest for the Orb.
     0 | D:1      | Reached XP level 1. HP: 23/23 MP: 1/1
   160 | D:1      | Reached XP level 2. HP: 25/29 MP: 2/2
   314 | D:1      | Reached XP level 3. HP: 33/35 MP: 3/3
   815 | D:2      | Reached ** piety under Trog
   839 | D:2      | Reached skill level 1 in Invocations
   909 | D:2      | Reached skill level 1 in Short Blades
   909 | D:2      | Reached skill level 1 in Long Blades
   909 | D:2      | Reached skill level 1 in Axes
   909 | D:2      | Reached skill level 1 in Maces & Flails
   909 | D:2      | Reached skill level 1 in Polearms
   909 | D:2      | Reached skill level 1 in Staves
   909 | D:2      | Reached skill level 1 in Ranged Weapons
   909 | D:2      | Reached skill level 1 in Throwing
   909 | D:2      | Reached skill level 1 in Stealth
   909 | D:2      | Reached skill level 1 in Shields
   909 | D:2      | Reached skill level 1 in Spellcasting
   909 | D:2      | Reached skill level 1 in Evocations
  1289 | D:2      | Reached XP level 4. HP: 41/41 MP: 5/5
  1365 | D:3      | Found a white marble altar of Elyvilon.
  1422 | D:3      | Reached skill level 1 in Conjurations
  1422 | D:3      | Reached skill level 1 in Hexes
  1422 | D:3      | Reached skill level 1 in Summonings
  1422 | D:3      | Reached skill level 1 in Necromancy
  1422 | D:3      | Reached skill level 1 in Translocations
  1422 | D:3      | Reached skill level 1 in Transmutations
  1422 | D:3      | Reached skill level 1 in Fire Magic
  1422 | D:3      | Reached skill level 1 in Ice Magic
  1422 | D:3      | Reached skill level 1 in Air Magic
  1422 | D:3      | Reached skill level 1 in Earth Magic
  1422 | D:3      | Reached skill level 1 in Poison Magic
  1422 | D:3      | Reached skill level 1 in Shapeshifting
  1773 | D:3      | Reached XP level 5. HP: 46/47 MP: 5/7
  1814 | D:3      | Noticed an ogre
  1823 | D:3      | Killed an ogre
  1824 | D:3      | Reached XP level 6. HP: 44/53 MP: 8/8
  2105 | D:3      | Reached skill level 5 in Armour
  2105 | D:3      | Reached skill level 5 in Dodging
  2205 | D:3      | Reached *** piety under Trog
  2604 | D:4      | Identified the +7 mace of Veodghuer {holy, +Blink Str-3
                  | Dex+5}
  2784 | D:4      | Reached XP level 7. HP: 31/59 MP: 10/10
  3515 | D:4      | Found an ornate altar of the Wu Jian Council.
  3735 | D:5      | Entered Level 5 of the Dungeon
  4197 | D:5      | Found Jebibed's General Store.
  4207 | D:5      | Found Oluzail's Specific Store.
  4317 | D:5      | Found a basalt altar of Yredelemnul.
  4448 | D:5      | Noticed Menkaure
  4454 | D:5      | Killed Menkaure
  4455 | D:5      | Reached XP level 8. HP: 33/67 MP: 12/12
  4875 | D:5      | Noticed a troll
  4885 | D:5      | Killed a troll
  5306 | D:5      | Bought a scroll of revelation for 82 gold pieces
  5349 | D:6      | Found a staircase to the Ecumenical Temple.
  6243 | D:6      | Identified the +1 pair of gloves of Hide-and-Seek {Rampage
                  | rPois Int+3 Stlth+}
  6296 | D:7      | Found Itypleuf's Gadget Gallery.
  6322 | D:7      | Reached XP level 9. HP: 57/73 MP: 14/14
  6397 | D:7      | Found an opulent altar of Gozag.
  6455 | D:7      | Noticed Maggie
  6470 | D:7      | Killed Maggie
  6607 | D:7      | Found a shimmering blue altar of Sif Muna.
  6938 | D:7      | Killed from afar by an electric eel

Illustrated notes

Levels and vault maps discovered:
D:1:      wander_arrival_chamber, layout_loops_ring
D:2:      layout_rooms
D:3:      layout_loops_ring, mainiacjoe_overflow_alcove_4,
          minmay_misc_feat_square, minmay_rat_hole
D:4:      layout_cave_pods, pdpol_wu_jian_five_deadly_venoms
D:5:      layout_loops_corners, mainiacjoe_overflow_small_starburst,
          kennysheep_decorative_pillar, nicolae_specific_store, uniq_menkaure
D:6:      layout_basic, minmay_temple_entry_sparse_star
D:7:      layout_basic, amcnicky_altar_gilded, nicolae_qazlal_beasts_of_the_sky,
          nicolae_gozag_seed_capital, serial_bayou, serial_bayou_pond_a,
          serial_bayou_lagoon_b, serial_bayou_ford_a, serial_bayou_pond_e,
          dreamdust_wishing_well, nicolae_shop_gadgets, uniq_maggie

Skill      XL: |  1  2  3  4  5  6  7  8  9 |
---------------+----------------------------+-----
Invocations    | 1 2 3 4 |  4.9
Short Blades   | 1 2 3 4 |  4.4
Long Blades    | 1 2 3 4 |  4.4
Axes           | 1 2 3 4 |  4.4
Maces & Flails | 1 2 3 4 |  4.4
Polearms       | 1 2 3 4 |  4.4
Staves         | 1 2 3 4 |  4.4
Ranged Weapons | 1 2 3 4 |  4.4
Throwing       | 1 2 3 4 |  4.4
Stealth        | 1 2 3 4 |  4.4
Shields        | 1 2 3 4 |  4.4
Spellcasting   | 1 2 3 4 |  4.4
Evocations     | 1 2 3 4 |  4.4
Conjurations   | 1 2 3 |  3.6
Hexes          | 1 2 3 |  3.6
Summonings     | 1 2 3 |  3.6
Necromancy     | 1 2 3 |  3.6
Translocations | 1 2 3 |  3.6
Transmutations | 1 2 3 |  3.6
Fire Magic     | 1 2 3 |  3.6
Ice Magic      | 1 2 3 |  3.6
Air Magic      | 1 2 3 |  3.6
Earth Magic    | 1 2 3 |  3.6
Poison Magic   | 1 2 3 |  3.6
Shapeshifting  | 1 2 3 |  3.6
Armour         | 5 6 |  6.4
Dodging        | 5 6 |  6.4
Fighting       | 7 8 |  8.0
Unarmed Combat | 7 8 |  8.0

Action                     |  1- 3 |  4- 6 |  7- 9 || total
---------------------------+-------+-------+-------++-------
  Melee: Unarmed           |    96 |   171 |    28 ||   295
         Bite              |     6 |    13 |    24 ||    43
         Punch             |     1 |     6 |     4 ||    11
         Lajatang          |       |       |   173 ||   173
  Throw: Dart              |       |       |     2 ||     2
 Invoke: Berserk           |     1 |     4 |     5 ||    10
         Trog's Hand       |       |     3 |     2 ||     5
    Use: Scroll            |       |       |    17 ||    17
         Potion            |       |       |     3 ||     3
   Stab: Sleeping          |     1 |       |       ||     1
 Armour: Animal skin       |     3 |       |       ||     3
         Ring mail         |    21 |     3 |       ||    24
         Chain mail        |       |    21 |       ||    21
         Plate armour      |       |    57 |   101 ||   158
  Dodge: Dodged            |    53 |    64 |    69 ||   186

Table legend: (Time is in decaauts)
 A = Elapsed time spent in this place.
 B = Non-inter-level travel time spent in this place.
 C = Inter-level travel time spent in this place.
 D = Time resting spent in this place.
 E = Time spent auto-exploring this place.
 F = Levels seen in this place.
 G = Mean time per level.
                   A        B        C        D        E       F      G
               +--------+--------+--------+--------+--------+-----+--------+
         Total |   7018 |   6794 |    224 |    658 |   5045 |   7 | 1002.6 |
       Dungeon |   7018 |   6794 |    224 |    658 |   5045 |   7 | 1002.6 |
               +--------+--------+--------+--------+--------+-----+--------+

Top non-repeatable levels by time:
     D:4: 1634 daAuts
     D:5: 1390 daAuts
     D:3: 993 daAuts
     D:6: 945 daAuts
     D:1: 803 daAuts
     D:7: 697 daAuts
     D:2: 553 daAuts
